 Dungeon Crawl Stone Soup version 0.16-a0-3452-g71b9fc6 (webtiles) character file.

898 Furman the Zephyrmancer (level 8, -11/41 HPs)
             Began as a Tengu Air Elementalist on Dec 30, 2014.
             Was an Initiate of Vehumet.
             Splashed by a jelly's acid (12 damage)
             ... on level 5 of the Dungeon on Jan 1, 2015.
             The game lasted 00:27:17 (7256 turns).

Furman the Zephyrmancer (Tengu Air Elementalist)    Turns: 7256, Time: 00:27:17

Health: -11/41     AC:  3    Str:  9    XL:     8   Next: 7%
Magic:  2/16       EV: 12    Int: 18    God:    Vehumet [......]
Gold:   250        SH:  0    Dex: 14    Spells: 3 memorised, 5 levels left

rFire  . . .     SeeInvis .     q - +1 hand axe (flame)
rCold  . . .     Clarity  .     a - +1 robe
rNeg   + . .     SustAb   .     (no shield)
rPois  .         Gourm    .     (helmet restricted)
rElec  .         Spirit   .     (no cloak)
rCorr  .         Warding  +     (no gloves)
rMut   .         Stasis   .     (boots unavailable)
MR     .....                    m - amulet of warding
Stlth  ++........               (no ring)
                                (no ring)

@: not resistant to hostile enchantments, unstealthy
A: able to fly, beak, talons 3
a: Fly, Renounce Religion


You were on level 5 of the Dungeon.
You worshipped Vehumet.
Vehumet was noncommittal.
You were very hungry.

You visited 1 branch of the dungeon, and saw 5 of its levels.

You collected 250 gold pieces.

Inventory:

Hand weapons
 q - a +1 hand axe of flaming (weapon)
Missiles
 j - a throwing net (quivered)
 o - 6 javelins
 t - 15 poisoned needles
 u - 3 curare-tipped needles
Armour
 a - a +1 robe (worn)
Jewellery
 i - an uncursed ring of protection from cold {unknown}
 m - an amulet of warding (around neck)
 y - an uncursed ring of sustain abilities {unknown}
Magical devices
 w - a wand of digging (6)
Scrolls
 e - a scroll of teleportation
 h - a scroll of recharging
 l - 3 scrolls of amnesia
 n - a scroll of fog
Potions
 d - a potion of brilliance
 f - a potion of degeneration {unknown}
 g - a potion of agility
 k - 2 potions of might
 p - 2 potions of berserk rage {unknown}
 r - a potion of haste
 v - a potion of curing {unknown}
 z - a potion of invisibility {unknown}
Books
 b - a book of Air

   Spells                             Type                      Level
   a - Shock                          Conjuration/Air              1
   b - Swiftness                      Charms/Air                   2
   c - Repel Missiles                 Charms/Air                   2
   d - Flight                         Charms/Air                   3
   e - Static Discharge               Conjuration/Air              3
   f - Lightning Bolt                 Conjuration/Air              5
Comestibles
 c - 3 bread rations
 s - a meat ration
 x - a beef jerky


   Skills:
 - Level 2.1 Dodging
 - Level 2.0 Stealth
 - Level 2.0 Spellcasting
 + Level 8.5 Conjurations
 + Level 9.0 Air Magic


You had 5 spell levels left.
You knew the following spells:

 Your Spells              Type           Power        Failure   Level  Hunger
a - Shock                 Conj/Air       ####         1%          1    #......
b - Swiftness             Chrm/Air       ###.....     4%          2    ###....
c - Static Discharge      Conj/Air       ####....     1%          3    ###....


Dungeon Overview and Level Annotations

Branches:
Dungeon (5/15)
 Temple: D:4-7

Altars:
Trog
Vehumet
Yredelemnul


Innate Abilities, Weirdness & Mutations

You can fly.
You have a beak for a mouth.
You have claws for feet.


Message History

The rat barely misses you.
The jelly quivers.
The jelly hits you but does no damage.
Casting: Shock
Confirm with . or Enter, or press ? or * to list all spells.
The jelly is struck by lightning.
The jelly is lightly wounded.
The lightning arcs!
The rat is struck by lightning.
You kill the rat!
Vehumet accepts your kill.
The lightning arcs!
The jelly is struck by lightning.
The jelly is almost dead.
The lightning grounds out.
The jelly barely misses you.
You hear a slurping noise.
A jelly comes into view.
There is a stone staircase leading up here.
The jelly hits you.
* * * LOW HITPOINT WARNING * * *
You are splashed with acid!
The acid burns!
You die...

#..##+### ..####.
#..##...##........#
#.......')...###..#
#####)##...##...##...#
....##..##'##...###.## ...#
#....................+ ...
###.#######.##...##.### #.#
.##+#######'##...##.#####.#######
..#.#..........J@JJ.oOl...#......
..#.#.......##...##.....#........
..+.+>......##...##.##.##.#......
.##.##.###..##......##.##.#######
.##.##+###'###...##....##o######
........+..)##...##....(.......+
###.##..##..##...##.######..##.#
###+##..##..##...##.######.##
.....................#......+


You could see an ogre, 3 jellies, an orc and a giant gecko.

Vanquished Creatures
  An ogre (D:4)
  Sigmund (D:5)
  The ghost of mopl the Insei, an average SpBe of Trog (D:3)
  A gnoll sergeant (D:5)
  A jelly (D:5)
  A water moccasin skeleton (D:4)
  A hound (D:5)
  A giant frog skeleton (D:4)
  2 centaur skeletons
  A worker ant (D:4)
  An iguana (D:5)
  A hound skeleton (D:4)
  Terence (D:2)
  7 gnolls
  9 adders
  A shadow imp (D:5)
  4 worms
  4 giant geckos
  14 orcs
  3 ball pythons
  10 bats
  8 giant cockroaches
  12 goblins
  9 hobgoblins
  8 jackals
  2 quokkas (D:3)
  5 giant newts
  14 kobolds
  15 rats
  A spectral orc (D:2)
140 creatures vanquished.

Notes
Turn   | Place    | Note
--------------------------------------------------------------
     0 | D:1      | Furman, the Tengu Air Elementalist, began the quest for the Orb.
     0 | D:1      | Reached XP level 1. HP: 10/10 MP: 3/3
   485 | D:1      | Reached XP level 2. HP: 15/15 MP: 0/5
   744 | D:1      | Learned a level 2 spell: Swiftness
  1295 | D:1      | Reached XP level 3. HP: 13/19 MP: 1/7
  1793 | D:2      | Noticed Terence
  2279 | D:2      | Killed Terence
  2279 | D:2      | Reached XP level 4. HP: 12/24 MP: 0/8
  2429 | D:2      | Found a basalt altar of Yredelemnul.
  2738 | D:2      | Reached skill level 5 in Air Magic
  2952 | D:1      | Learned a level 3 spell: Static Discharge
  3062 | D:2      | Reached XP level 5. HP: 7/28 MP: 0/11
  3386 | D:2      | Reached skill level 5 in Conjurations
  4015 | D:3      | Noticed mopl's ghost (average SpBe)
  4020 | D:3      | Killed mopl's ghost
  4020 | D:3      | Reached skill level 6 in Air Magic
  4196 | D:3      | Reached XP level 6. HP: 32/32 MP: 10/12
  5209 | D:4      | Upgraded the game from 0.16-a0-3389-g45633df to 0.16-a0-3452-g71b9fc6
  5384 | D:4      | Reached skill level 7 in Air Magic
  5755 | D:4      | Reached XP level 7. HP: 33/36 MP: 1/14
  5910 | D:4      | Noticed a moth of wrath
  5912 | D:4      | Found a bloodstained altar of Trog.
  6258 | D:5      | Entered Level 5 of the Dungeon
  6294 | D:5      | Reached skill level 8 in Air Magic
  6487 | D:5      | Noticed Sigmund
  6492 | D:5      | Killed Sigmund
  6641 | D:5      | Found a radiant altar of Vehumet.
  6651 | D:5      | Became a worshipper of Vehumet
  7195 | D:5      | Reached XP level 8. HP: 41/41 MP: 11/16
  7208 | D:5      | HP: 2/41 [acid (11)]
  7210 | D:5      | Reached skill level 9 in Air Magic
  7215 | D:5      | HP: 2/41 [orc/tomahawk (1)]
  7256 | D:5      | HP: 1/41 [jelly (3)]
  7256 | D:5      | Splashed by a jelly's acid

Action                   |  1- 3 |  4- 6 |  7- 9 || total
-------------------------+-------+-------+-------++-------
Melee: Unarmed           |    14 |    23 |       ||    37
       Hand axe          |       |    15 |     3 ||    18
Throw: Throwing net      |       |       |     1 ||     1
 Cast: Shock             |    73 |   136 |    76 ||   285
       Static Discharge  |       |    15 |    15 ||    30
       Swiftness         |       |     1 |       ||     1
  Use: Scroll            |     7 |     2 |     1 ||    10
       Potion            |     5 |       |       ||     5
 Stab: Sleeping          |       |     1 |       ||     1
  Eat: Chunk             |     2 |    11 |     5 ||    18
       Royal jelly       |     1 |       |       ||     1
       Bread ration      |       |     1 |       ||     1
       Pizza             |       |       |     1 ||     1
